[Event "ICCopen2017"]
[Site "Internet Chess Club"]
[Date "2017.04.02"]
[Round "6"]
[White "Darnoc"]
[Black "Trentosk"]
[Result "1-0"]
[ICCResult "Black checkmated"]
[WhiteElo "2891"]
[BlackElo "2499"]
[Opening "QGD: exchange, positional line"]
[ECO "D35"]
[NIC "QO.16"]
[Time "20:06:37"]
[TimeControl "180+0"]

1. d4 Nf6 2. c4 e6 3. Nc3 d5 4. cxd5 exd5 5. Bg5 Nbd7 6. e3 h6 7. Bh4 c6 8.
Bd3 Be7 9. Qc2 Nh5 10. Bxe7 Qxe7 11. O-O-O Nb6 12. h3 Nf6 13. Nf3 Be6 14.
Kb1 O-O-O 15. Rc1 Kb8 16. Na4 Nbd7 17. Qb3 Rc8 18. Rc2 Rc7 19. Rhc1 Rhc8 20.
Nd2 Ne4 21. Nxe4 dxe4 22. Bc4 Bxc4 23. Rxc4 f5 24. Nc5 Ka8 25. Ra4 Nxc5 26.
Rxc5 g6 27. Qb6 a6 28. Rac4 Rd7 29. a3 Qd8 30. Qb3 Rd5 31. Rxd5 Qxd5 32. Qb4
Qd7 33. Rc5 Re8 34. Qc4 g5 35. d5 Rc8 36. dxc6 Rxc6 37. Rxc6 Qxc6 38. Qxc6
bxc6 39. Kc2 Kb7 40. Kc3 Kc7 41. Kd4 Kd6 42. b4 h5 43. g3 h4 44. gxh4 gxh4
45. a4 Kc7 46. Kc5 Kb7 47. Kc4 Kb6 48. a5+ Kb7 49. Kd4 Kc7 50. Kc5 Kd7 51.
Kb6 Kd6 52. Kxa6 Kc7 53. Ka7 c5 54. bxc5 Kc6 55. a6 Kxc5 56. Kb7 Kc4 57. a7
Kd3 58. a8=Q Ke2 59. Qf8 Kxf2 60. Qxf5+ Kxe3 61. Qg4 Kd3 62. Qxh4 e3 63. Qe7
e2 64. h4 Kd2 65. Qxe2+ Kxe2 66. h5 Ke3 67. h6 Kd3 68. h7 Kc4 69. h8=Q Kd3
70. Qe5 Kc4 71. Qe4+ Kc5 72. Kc7 Kb5 73. Kd6 Kb6 74. Qb4+ Ka6 75. Kc6 Ka7
76. Qb7# {Black checkmated} 1-0

[Event "ICCopen2017"]
[Site "Internet Chess Club"]
[Date "2017.04.02"]
[Round "6"]
[White "Dewey"]
[Black "Almutairih"]
[Result "1-0"]
[ICCResult "Black forfeits on time"]
[WhiteElo "1382"]
[BlackElo "1265"]
[Opening "Modern defense"]
[ECO "A40"]
[NIC "QO.17"]
[Time "20:07:09"]
[TimeControl "180+0"]

1. d4 g6 2. Nc3 Bg7 3. Nf3 f5 4. e4 fxe4 5. Nxe4 Nf6 6. Nxf6+ exf6 7. Qe2+
Kf7 8. Qc4+ d5 9. Qb3 Re8+ 10. Be3 Nc6 11. c3 Bg4 12. Nd2 Bh6 13. h3 Bxe3
14. hxg4 Bxd4+ 15. Kd1 Bxf2 16. Nf3 Kg7 17. Kc2 Na5 18. Qb4 c5 19. Qf4 Nc6
20. Qh6+ Kg8 21. Qxh7+ Kf8 22. Qxg6 Ke7 23. Qf5 Kd6 24. Rd1 d4 25. cxd4 cxd4
26. Rh6 Re6 27. Bc4 Re7 28. Qxf6+ Kc7 29. Qf5 d3+ 30. Rxd3 Qe8 31. Qf4+
{Black forfeits on time}
1-0

[Event "ICCopen2017"]
[Site "Internet Chess Club"]
[Date "2017.04.02"]
[Round "6"]
[White "intermaster"]
[Black "notetengomiedo"]
[Result "1-0"]
[ICCResult "Black forfeits on time"]
[WhiteElo "2216"]
[BlackElo "1893"]
[Opening "Owen defense"]
[ECO "B00"]
[NIC "VO.01"]
[Time "20:06:47"]
[TimeControl "180+0"]

1. e4 b6 2. Nf3 Bb7 3. Nc3 e6 4. d4 Bb4 5. Bd3 Bxc3+ 6. bxc3 d6 7. O-O Nd7
8. Re1 Ne7 9. e5 dxe5 10. Nxe5 Nxe5 11. Rxe5 O-O 12. Qh5 Ng6 13. Re3 Qd5 14.
Qxd5 Bxd5 15. a4 a5 16. c4 Bc6 17. c3 Rfd8 18. g3 Rd7 19. Kf1 Rad8 20. Ke2
Bb7 21. h4 Ne7 22. Ba3 Nc6 23. g4 Ba6 24. f4 Ne7 25. h5 h6 26. f5 Bc8 27.
fxe6 fxe6 28. Rxe6 Nc6 29. Rxc6 Rf7 30. Bf5 Bb7 31. Re6 Bc8 32. Re5 Bxf5 33.
Rxf5 Rxf5 34. gxf5 Kf7 35. Rg1 c5 36. dxc5 bxc5 37. Bxc5 Re8+ 38. Kd3 Re5
39. Rxg7+ Kxg7 40. Bd4 Kf6 41. c5 Kxf5 42. Bxe5 Kxe5 43. Kc4 Ke6 44. Kb5 Kd5
45. c6 Kd6 46. Kb6 Kd5 47. c7 Kc4 48. c8=Q+ Kb3 49. Kxa5 Kc2 50. Qe6
{Black forfeits on time}
1-0

[Event "ICCopen2017"]
[Site "Internet Chess Club"]
[Date "2017.04.02"]
[Round "6"]
[White "arshavin2015"]
[Black "Wilsonpalencia"]
[Result "0-1"]
[ICCResult "White checkmated"]
[WhiteElo "1975"]
[BlackElo "2528"]
[Opening "Benko's opening"]
[ECO "A00"]
[NIC "VO.09"]
[Time "20:06:38"]
[TimeControl "180+0"]

1. g3 f5 2. Bg2 Nf6 3. d3 g6 4. Bg5 Bg7 5. Nd2 d6 6. c3 c6 7. Nh3 O-O 8. O-O
Qb6 9. Qb3+ Kh8 10. e4 e5 11. Qxb6 axb6 12. f4 Be6 13. a3 Nbd7 14. Nf2 b5
15. Bh3 Nc5 16. Rae1 Rae8 17. fxe5 dxe5 18. Be3 Na4 19. exf5 Bxf5 20. Bxf5
gxf5 21. Rb1 f4 22. gxf4 Nd5 23. Nd1 exf4 24. Bd4 Rg8 25. Kh1 Bxd4 26. cxd4
Re2 27. Ne4 Rgg2 28. Ndf2 f3 29. Rbe1 Rxb2 30. Rb1 Re2 31. Rbe1 Nf4 32. Rxe2
fxe2 33. Re1 Nc3 34. Nxc3 Rxf2 35. Kg1 Nh3+ 36. Kh1 Rf1+ 37. Kg2 Nf4+ 38.
Kg3 Rxe1 39. Nxe2 Rxe2 40. Kxf4 Ra2 41. d5 cxd5 42. Ke5 Rxa3 43. d4 Rh3 44.
Kxd5 Rxh2 45. Kc5 Rd2 46. Kxb5 h5 47. Kb6 h4 48. Kc5 h3 49. d5 h2 50. d6
Rxd6 51. Kxd6 h1=Q 52. Kc7 Qc6+ 53. Kb8 b5 54. Ka7 b4 55. Kb8 Qd7 56. Ka8
Kg7 57. Kb8 Kf6 58. Ka8 Ke6 59. Kb8 Kd6 60. Ka8 Kc6 61. Kb8 Qb7#
{White checkmated}
0-1

[Event "ICCopen2017"]
[Site "Internet Chess Club"]
[Date "2017.04.02"]
[Round "6"]
[White "DaveyJones"]
[Black "sovereignpower"]
[Result "1-0"]
[ICCResult "Black forfeits on time"]
[WhiteElo "1522"]
[BlackElo "1321"]
[Opening "Nimzovich-Larsen attack: classical variation"]
[ECO "A01"]
[NIC "VO.08"]
[Time "20:06:47"]
[TimeControl "180+0"]

1. b3 d5 2. e3 e5 3. Bb2 Nc6 4. Bb5 Bd7 5. Bxc6 Bxc6 6. Bxe5 Qe7 7. Bb2
O-O-O 8. Nf3 f6 9. O-O Qe4 10. Nc3 Qg4 11. Nd4 Qxd1 12. Rfxd1 Bd7 13. Nxd5
c5 14. Nf3 Bg4 15. c4 Bxf3 16. gxf3 Ne7 17. Nxe7+ Bxe7 18. d4 cxd4 19. exd4
g5 20. c5 h5 21. d5 Rhg8 22. d6 Bf8 23. Bxf6 Rd7 24. Re1 Bh6 25. Re6 g4 26.
f4 Bxf4 27. Rae1 b6 28. c6 Rxd6 29. Rxd6 Bxd6 30. Be7 Kc7 31. Bxd6+ Kxd6 32.
Rc1 Kc7 33. b4 b5 34. Rc5 a6 35. Rxh5 Kxc6 36. Rc5+ Kb6 37. Kg2 a5 38. a3 a4
39. Kg3 Rd8 40. Rc3 Rd4 41. h3 gxh3 42. Kxh3 Rf4 43. Kg3 Rd4 44. f4 Rc4 45.
Re3 {Black forfeits on time} 1-0

[Event "ICCopen2017"]
[Site "Internet Chess Club"]
[Date "2017.04.02"]
[Round "6"]
[White "alphajet26"]
[Black "hangin"]
[Result "1-0"]
[ICCResult "Black forfeits on time"]
[WhiteElo "1711"]
[BlackElo "1255"]
[Opening "Sicilian: Alapin's variation (2.c3)"]
[ECO "B22"]
[NIC "SI.46"]
[Time "20:07:19"]
[TimeControl "180+0"]

1. e4 c5 2. c3 d6 3. d4 cxd4 4. cxd4 Nf6 5. Nc3 Nc6 6. Nf3 Bd7 7. Bd3 g6 8.
Be3 Bg7 9. O-O O-O 10. h3 a6 11. Re1 Rc8 12. a3 b5 13. Qe2 Na5 14. Rad1 Nc4
15. e5 Nxe3 16. Qxe3 dxe5 17. dxe5 Ne8 18. e6 Bxe6 19. Bxg6 Qxd1 20. Rxd1
hxg6 21. Ng5 Bc4 22. Qxe7 Nf6 23. Nce4 Nxe4 24. Qxe4 Bh6 25. h4 Bxg5 26.
hxg5 Rfe8 27. Qh4 Rc5 28. Qh6 Rce5 29. Rd4 Re1+ 30. Kh2 R1e4 31. Rd7 R4e5
32. Ra7 Re2 33. f3 Rxb2 34. Rxa6 b4 35. axb4 Bxa6 36. Qh4 Ree2 37. Qg3
{Black forfeits on time}
1-0

[Event "ICCopen2017"]
[Site "Internet Chess Club"]
[Date "2017.04.02"]
[Round "6"]
[White "NJSKing"]
[Black "hecan58"]
[Result "1/2-1/2"]
[ICCResult "Black ran out of time and White has no material to mate"]
[WhiteElo "2122"]
[BlackElo "1778"]
[Opening "Scandinavian: Icelandic gambit"]
[ECO "B01"]
[NIC "SD.03"]
[Time "20:06:18"]
[TimeControl "180+0"]

1. e4 d5 2. exd5 Nf6 3. c4 e6 4. d4 exd5 5. Nf3 Be7 6. Bd3 O-O 7. O-O dxc4
8. Bxc4 Nc6 9. h3 Bf5 10. Nc3 Nb4 11. Bf4 c6 12. Ne5 Nc2 13. Rc1 Nxd4 14. g4
Be6 15. Bxe6 Nxe6 16. Bg3 Qxd1 17. Rfxd1 Rfd8 18. f4 Rxd1+ 19. Rxd1 Rd8 20.
Rxd8+ Bxd8 21. f5 Nd4 22. Bf2 Bb6 23. g5 Nh5 24. Nd7 Nf4 25. Nxb6 Nxh3+ 26.
Kf1 Nxf2 27. Nc8 Nd3 28. b3 Nxf5 29. Nxa7 Nf4 30. Nc8 Ne6 31. Ne4 Nfd4 32.
Ncd6 Nf3 33. Nxb7 Nfxg5 34. a4 Nxe4 35. a5 N4c5 36. Nd6 Na6 37. Ke2 h5 38.
Kd3 g5 39. Nf5 h4 40. Kc4 Kh7 41. b4 Kg6 42. Ne3 h3 43. Nf1 g4 44. b5 cxb5+
45. Kxb5 Nec7+ 46. Kc6 f5 47. Kd6 f4 48. Ke5 Kg5 49. Ke4 g3 50. Kf3 Kh4 51.
Nd2 g2 52. Kf2 Nd5 53. Nf3+ Kg4 54. Nh2+ Kf5 55. Nf3 Ndb4 56. Kg1 Nc6 57.
Kh2 Nxa5 58. Kxh3 Ke4 59. Kxg2 Ke3 60. Ng1 Nc4 61. Nf3 Nd2 62. Ng5 Ne4 63.
Nf3 Nd2 64. Nh4 Ke2 65. Nf5 Nf3 66. Kh3 Ne5 67. Nd4+ Ke3 68. Kh4 Ke4 69. Nf5
f3 70. Kh5 f2 71. Kh6 {Black ran out of time and White has no material to
mate} 1/2-1/2

[Event "ICCopen2017"]
[Site "Internet Chess Club"]
[Date "2017.04.02"]
[Round "6"]
[White "RobertoJBM"]
[Black "Kiketf"]
[Result "0-1"]
[ICCResult "White checkmated"]
[WhiteElo "2601"]
[BlackElo "2190"]
[Opening "Queen's pawn game"]
[ECO "A46"]
[NIC "QP.06"]
[Time "20:06:37"]
[TimeControl "180+0"]

1. d4 Nf6 2. Nf3 c5 3. e3 g6 4. c3 cxd4 5. exd4 Bg7 6. d5 O-O 7. c4 b5 8.
cxb5 a6 9. Nc3 axb5 10. Bxb5 Ba6 11. Bxa6 Nxa6 12. O-O d6 13. Re1 Nd7 14.
Nd4 Ne5 15. f4 Qb6 16. Be3 Nc4 17. Bf2 Nxb2 18. Qd2 Nc4 19. Qd3 Nb2 20. Qe3
Bxd4 21. Qxd4 Qxd4 22. Bxd4 Rfe8 23. Rab1 Nd3 24. Rf1 Nab4 25. Rf3 Rec8 26.
Rd1 Nb2 27. Rb1 N2d3 28. h3 Rc4 29. Nb5 Rxa2 30. Bc3 Rc2 31. Bxb4 Rc1+ 32.
Rxc1 Rxc1+ 33. Kh2 Nxb4 34. Nc3 Kg7 35. Re3 Rc2 36. Kg3 Kf8 37. Kf3 f6 38.
h4 Kf7 39. g4 h5 40. gxh5 gxh5 41. f5 Rc1 42. Ne2 Rf1+ 43. Kg2 Rxf5 44. Ng3
Rxd5 45. Rb3 Nc2 46. Kh3 Nd4 47. Rb2 Ne6 48. Kg2 Nf4+ 49. Kf3 Nd3 50. Ne4
Nxb2 51. Ke2 Re5 52. Kf3 Rxe4 53. Kxe4 Nc4 54. Kf5 e6+ 55. Kf4 Ne5 56. Kg3
Ng6 57. Kh3 Nxh4 58. Kxh4 Kg6 59. Kg3 d5 60. Kh3 e5 61. Kg2 d4 62. Kf3 h4
63. Kf2 h3 64. Kg1 d3 65. Kf2 d2 66. Kf3 h2 67. Kg3 d1=Q 68. Kh4 h1=Q+ 69.
Kg3 Qdf3# {White checkmated} 0-1

[Event "ICCopen2017"]
[Site "Internet Chess Club"]
[Date "2017.04.02"]
[Round "6"]
[White "shally"]
[Black "akibael"]
[Result "0-1"]
[ICCResult "White resigns"]
[WhiteElo "1861"]
[BlackElo "2170"]
[Opening "Nimzovich-Larsen attack: modern variation"]
[ECO "A01"]
[NIC "VO.08"]
[Time "20:07:34"]
[TimeControl "180+0"]

1. b3 e5 2. Bb2 Nc6 3. e3 Nf6 4. Bb5 d6 5. d4 exd4 6. Qxd4 Be7 7. Nf3 O-O 8.
Bxc6 bxc6 9. Nc3 c5 10. Qd3 a5 11. a4 Bb7 12. O-O-O Qd7 13. e4 Qg4 14. h3
Qg6 15. Rde1 Rfe8 16. Kb1 Bf8 17. Nh4 Qh5 18. Nf5 Nxe4 19. Nxe4 Rxe4 20. Ng3
Rxe1+ 21. Rxe1 Qd5 22. Qc3 Qxg2 23. Nf5 Qg6 24. Ne7+ Bxe7 25. Rxe7 Rc8 26.
Qe3 h6 27. Bc3 c4 28. bxc4 Bc6 29. Bxa5 Bxa4 30. Bxc7 Qxc2+ 31. Ka1 Ra8 32.
Re8+ Bxe8+ 33. Ba5 Rxa5+ {White resigns} 0-1

[Event "ICCopen2017"]
[Site "Internet Chess Club"]
[Date "2017.04.02"]
[Round "6"]
[White "KIEV-1"]
[Black "soyleyenda"]
[Result "0-1"]
[ICCResult "White forfeits on time"]
[WhiteElo "2144"]
[BlackElo "1701"]
[Opening "Sicilian: accelerated fianchetto, modern variation"]
[ECO "B34"]
[NIC "SI.33"]
[Time "20:06:42"]
[TimeControl "180+0"]

1. e4 c5 2. Nf3 Nc6 3. d4 cxd4 4. Nxd4 g6 5. Nc3 Bg7 6. Be3 Nf6 7. Be2 O-O
8. O-O d5 9. exd5 Nxd5 10. Nxc6 bxc6 11. Nxd5 cxd5 12. Bd4 e5 13. Bc5 Re8
14. a4 Qc7 15. Qxd5 Be6 16. Qd6 Qb7 17. b4 Rad8 18. Qa6 Qe4 19. Bd3 Qg4 20.
Rae1 Bd5 21. f3 Qh4 22. Bb5 Re6 23. Qxa7 Bh6 24. g3 Qh5 25. Qc7 Ra8 26. Bd7
Rea6 27. Bg4 Qg5 28. h4 Qd2 29. Qxe5 Bg7 30. Qe3 Qxc2 31. a5 Bc4 32. Rf2 Qb3
33. h5 Qxe3 34. Rxe3 Bc3 35. h6 Bxb4 36. Bxb4 Bd5 37. Rfe2 f5 38. Bh3 Bf7
39. Bg2 Rb8 40. f4 Rxb4 41. Re7 Rxa5 {White forfeits on time} 0-1

[Event "ICCopen2017"]
[Site "Internet Chess Club"]
[Date "2017.04.02"]
[Round "6"]
[White "ZonaLeste"]
[Black "MATEPROOF"]
[Result "0-1"]
[ICCResult "White checkmated"]
[WhiteElo "1659"]
[BlackElo "2005"]
[Opening "Sicilian: Hungarian variation"]
[ECO "B34"]
[NIC "SI.43"]
[Time "20:07:06"]
[TimeControl "180+0"]

1. e4 c5 2. Nf3 g6 3. d4 cxd4 4. Nxd4 Bg7 5. Nc3 Nc6 6. Be3 Nf6 7. Qd2 d5 8.
exd5 Nxd5 9. Nxd5 Qxd5 10. Nxc6 Qxc6 11. O-O-O O-O 12. Bh6 Bxh6 13. Qxh6 Bf5
14. Rd2 Rac8 15. c3 Qe4 16. Bd3 Qxg2 17. Bxf5 Qxh1+ 18. Rd1 Qf3 19. Bxc8
Rxc8 20. Qh4 e5 21. Qe7 a5 22. Qxe5 Qxf2 23. Qxa5 Qxh2 24. Rd8+ Rxd8 25.
Qxd8+ Kg7 26. Qd4+ Kh6 27. Qb4 Qh1+ 28. Kc2 f5 29. Qf4+ Kh5 30. Qc7 h6 31.
a4 g5 32. Qf7+ Kg4 33. a5 Qe4+ 34. Kb3 h5 35. Qd7 h4 36. Qd1+ Kg3 37. Qg1+
Kf4 38. Qh2+ Kg4 39. Qg1+ Kh5 40. Qd1+ g4 41. Ka3 h3 42. b4 h2 43. Qd7 h1=Q
44. Qh7+ Kg5 45. Qe7+ Kf4 46. Qd6+ Kf3 47. b5 Qa1+ 48. Kb3 Qaa4+ 49. Kb2
Qec2# {White checkmated} 0-1

[Event "ICCopen2017"]
[Site "Internet Chess Club"]
[Date "2017.04.02"]
[Round "6"]
[White "FlashGordon"]
[Black "NWRiver"]
[Result "0-1"]
[ICCResult "White forfeits on time"]
[WhiteElo "1145"]
[BlackElo "1594"]
[Opening "Center game"]
[ECO "C21"]
[NIC "KP.04"]
[Time "20:08:04"]
[TimeControl "180+0"]

1. e4 e5 2. d4 exd4 3. Bc4 d6 4. Nf3 Nf6 5. Nxd4 Be7 6. Nc3 c5 7. Nb3 Nc6 8.
Be2 b6 9. f4 Bb7 10. Be3 O-O 11. Bf3 Re8 12. a3 Rb8 13. Qd2 Bf8 14. g4 c4
15. Nd4 Nxd4 16. Qxd4 d5 17. O-O-O Qc7 18. e5 Bc5 19. Qd2 Bxe3 20. Qxe3 Ne4
21. Bxe4 dxe4 22. Nxe4 Bxe4 23. Qxe4 b5 24. Rhg1 c3 25. b3 a5 26. g5 b4 27.
Rg3 bxa3 28. Rh3 g6 29. f5 Qxe5 30. Qh4 Qg7 31. f6 Qh8 {White forfeits on
time} 0-1

[Event "ICCopen2017"]
[Site "Internet Chess Club"]
[Date "2017.04.02"]
[Round "6"]
[White "blackjack721"]
[Black "cheslikeyomama"]
[Result "0-1"]
[ICCResult "White checkmated"]
[WhiteElo "1304"]
[BlackElo "1422"]
[Opening "Robatsch (modern) defense"]
[ECO "B06"]
[NIC "KF.06"]
[Time "20:07:05"]
[TimeControl "180+0"]

1. e4 g6 2. f3 Bg7 3. d4 d6 4. c3 Nh6 5. Be3 f5 6. Qd2 Nf7 7. Bc4 fxe4 8.
fxe4 O-O 9. Bxf7+ Rxf7 10. Nf3 Nc6 11. O-O e5 12. Bh6 exd4 13. cxd4 Bg4 14.
Nc3 Bxf3 15. Rxf3 Rxf3 16. gxf3 Qf6 17. e5 Qxf3 18. Bxg7 Kxg7 19. Rf1 Qg4+
20. Kh1 Qxd4 21. Qg5 Qxe5 22. Qh4 Rf8 23. Rxf8 Kxf8 24. Qf2+ Kg7 25. h4 Nd4
26. Qg2 Qe1+ 27. Kh2 Nf5 28. Qg5 Qxh4+ 29. Qxh4 Nxh4 30. Kg3 Nf5+ 31. Kf4 h5
32. Kg5 h4 33. Ne4 h3 34. Nf2 h2 35. Kg4 c5 36. Nh1 d5 37. b3 b5 38. Kf4 c4
39. bxc4 dxc4 40. Ke4 b4 41. Kd5 b3 42. axb3 cxb3 43. Ke4 b2 44. Kf3 b1=Q
45. Kg2 Qg1+ 46. Kf3 Qxh1+ 47. Kg4 Qg1+ 48. Kh3 h1=Q# {White checkmated} 0-1

[Event "ICCopen2017"]
[Site "Internet Chess Club"]
[Date "2017.04.02"]
[Round "6"]
[White "Svinotigr"]
[Black "GYMEJR"]
[Result "1-0"]
[ICCResult "Black checkmated"]
[WhiteElo "1772"]
[BlackElo "1479"]
[Opening "Réti: old Indian attack"]
[ECO "A06"]
[NIC "QP.09"]
[Time "20:07:21"]
[TimeControl "180+0"]

1. Nf3 d5 2. d3 c6 3. Nbd2 Nf6 4. e4 dxe4 5. dxe4 Bg4 6. Qe2 e5 7. g3 Be7 8.
h4 Nbd7 9. Bg2 Qc7 10. a4 O-O 11. O-O h6 12. Re1 Rfe8 13. Nc4 Rad8 14. c3 b5
15. Ne3 Bxf3 16. Bxf3 a6 17. Nf5 Bf8 18. g4 Nc5 19. g5 hxg5 20. hxg5 Nfd7
21. a5 Ne6 22. Bg4 g6 23. Nh6+ Bxh6 24. gxh6 Nf6 25. Bf3 Kh7 26. Kg2 g5 27.
Bg4 Nf4+ 28. Bxf4 gxf4 29. Bf5+ Kh8 30. Rad1 Nh7 31. Qh5 Qe7 32. Kf3 Rxd1
33. Rxd1 Rg8 34. Bxh7 Kxh7 35. Qf5+ Rg6 36. Rd7 Qg5 37. Qxf7+ Kxh6 38. Qh7#
{Black checkmated}
1-0

[Event "ICCopen2017"]
[Site "Internet Chess Club"]
[Date "2017.04.02"]
[Round "6"]
[White "BeerMeUpScotty"]
[Black "cloak1"]
[Result "0-1"]
[ICCResult "White forfeits on time"]
[WhiteElo "1613"]
[BlackElo "1812"]
[Opening "Sicilian: Nimzovich-Rubinstein variation"]
[ECO "B29"]
[NIC "SI.43"]
[Time "20:07:33"]
[TimeControl "180+0"]

1. e4 c5 2. Nf3 Nf6 3. Nc3 d5 4. exd5 Nxd5 5. Nxd5 Qxd5 6. d4 Nc6 7. c3 Bg4
8. Be2 e6 9. O-O Be7 10. Bf4 O-O 11. c4 Qf5 12. Bg3 Rad8 13. d5 exd5 14.
cxd5 Rxd5 15. Qb3 Bxf3 16. Bxf3 Nd4 17. Qxd5 Nxf3+ 18. Qxf3 Qg6 19. Qxb7 Bf6
20. Rab1 Bd4 21. Qxa7 f5 22. Qc7 h6 23. Qd6 Rf6 24. Qd5+ Kh7 25. Bf4 Rf7 26.
Be3 f4 27. Bxd4 f3 28. g3 Rf5 29. Qe4 cxd4 30. Kh1 h5 31. Qxd4 Rg5 32. Qf4
Rf5 33. Qh4 Qf7 34. b4 g5 35. Qe4 g4 36. b5 Kg6 {White forfeits on time} 0-1

[Event "ICCopen2017"]
[Site "Internet Chess Club"]
[Date "2017.04.02"]
[Round "6"]
[White "BirchRun"]
[Black "x-plica"]
[Result "1-0"]
[ICCResult "Black forfeits on time"]
[WhiteElo "1594"]
[BlackElo "1435"]
[Opening "Queen's pawn"]
[ECO "A40"]
[NIC "QO.17"]
[Time "20:06:47"]
[TimeControl "180+0"]

1. d4 e6 2. Nf3 c5 3. d5 d6 4. e4 Be7 5. Bb5+ Bd7 6. Bxd7+ Qxd7 7. dxe6 Qxe6
8. Nc3 Bf6 9. Nd5 Qxe4+ 10. Be3 Na6 11. O-O Ne7 12. Nxe7 Bxe7 13. Re1 Qc6
14. Bg5 f6 15. Bh4 Kf7 16. c3 Rhe8 17. Qb3+ d5 18. Rad1 c4 19. Qc2 g6 20.
Nd4 Qd7 21. Re6 Nc5 22. Re2 Ne4 23. f3 Nc5 24. Bg3 Nd3 25. Rxd3 cxd3 26.
Qxd3 Bd6 27. Bf2 Rxe2 28. Qxe2 Re8 29. Qd2 Be5 30. Nb3 b6 31. Qh6 Kg8 32. g3
f5 33. Qd2 Qc6 34. Nd4 Qd7 35. f4 Bg7 36. Qd3 Re4 37. Nf3 Qe7 38. Ng5 Bf6
39. Nxe4 fxe4 40. Qe3 Qd6 41. Qd2 Qe6 42. Be3 Qf5 43. Kg2 h5 44. h3 Kg7 45.
Qe2 Qd7 46. Qa6 d4 47. cxd4 Bxd4 48. Bxd4+ Qxd4 49. Qxa7+ Kh6 50. Qe7 Qd2+
51. Kf1 e3 52. Qg5+ Kg7 53. Qe7+ Kh6 54. Qg5+ Kh7 55. Kg1 Qf2+ 56. Kh1 e2
57. Qe7+ Kh6 58. Qg5+ Kg7 59. Qxg6+ Kh8 60. Qf6+ Kh7 61. Qe7+
{Black forfeits on time}
1-0

[Event "ICCopen2017"]
[Site "Internet Chess Club"]
[Date "2017.04.02"]
[Round "6"]
[White "leonardoalmeida"]
[Black "Heian"]
[Result "1-0"]
[ICCResult "Black forfeits on time"]
[WhiteElo "1765"]
[BlackElo "1503"]
[Opening "English: Bremen system, Keres variation"]
[ECO "A23"]
[NIC "EO.12"]
[Time "20:07:08"]
[TimeControl "180+0"]

1. c4 e5 2. Nc3 Nf6 3. g3 c6 4. Bg2 d5 5. cxd5 cxd5 6. d3 h6 7. Nf3 Nc6 8.
O-O Bd6 9. a3 O-O 10. b4 Be6 11. Bb2 a6 12. Rc1 Nb8 13. Na4 Nbd7 14. e3 Rc8
15. d4 e4 16. Ne5 Rxc1 17. Qxc1 Ng4 18. Nxd7 Qxd7 19. Nc5 Qc8 20. Nxe6 fxe6
21. Bh3 h5 22. Bxg4 hxg4 23. Qd2 Qd7 24. Rc1 Rc8 25. Qd1 Rxc1 26. Bxc1 e5
27. dxe5 Bxe5 28. Qe2 Qf5 29. Qc2 Kh7 30. Bb2 Bxb2 31. Qxb2 Qf3 32. Qd2 Qf5
33. a4 Qe6 34. b5 axb5 35. axb5 g5 36. Qd4 Kg6 37. Qc5 Kh5 38. Qf8 Kg6 39.
Kg2 Qf5 40. Qg8+ Kf6 41. Qh8+ Ke6 42. Qc8+ {Black forfeits on time} 1-0

[Event "ICCopen2017"]
[Site "Internet Chess Club"]
[Date "2017.04.02"]
[Round "6"]
[White "StaggerLee"]
[Black "dynamo"]
[Result "0-1"]
[ICCResult "White forfeits on time"]
[WhiteElo "1390"]
[BlackElo "1730"]
[Opening "Sicilian"]
[ECO "B50"]
[NIC "SI.01"]
[Time "20:07:12"]
[TimeControl "180+0"]

1. e4 c5 2. Nf3 d6 3. c3 Nc6 4. d4 cxd4 5. cxd4 e6 6. Nc3 Be7 7. Be2 Nf6 8.
O-O O-O 9. Bf4 a6 10. a3 d5 11. e5 Nh5 12. Be3 g6 13. Bh6 Ng7 14. Re1 Bd7
15. Rc1 Rc8 16. Na4 f5 17. Bxg7 Kxg7 18. Nc5 Bxc5 19. Rxc5 h6 20. Qc1 Ne7
21. Rxc8 Qxc8 22. Qd2 Bc6 23. Rc1 Qd8 24. b4 Rf7 25. h3 g5 26. g4 f4 27. h4
Ng6 28. hxg5 hxg5 29. Bxa6 Qh8 30. Bd3 Qh3 31. Nxg5 Qxg4+ 32. Kh2 Qxg5 33.
Bxg6 Qh4+ 34. Kg2 Kxg6 35. Rg1 Kg7 36. Kf1+ Kf8 37. Qd3 f3 38. Qg6 Qe4 39.
Qxe4 dxe4 40. Rg4 Rd7 41. Rf4+ Ke7 42. d5 Bxd5 43. Kg1 Rc7 44. Kh2 Rc3 45.
Kg3 Rxa3 46. Rh4 Rb3 47. Rh7+ Kd8 48. Rh8+ Kc7 49. Kf4 Kb6
{White forfeits on time}
0-1

[Event "ICCopen2017"]
[Site "Internet Chess Club"]
[Date "2017.04.02"]
[Round "6"]
[White "UnderArmour"]
[Black "sacov"]
[Result "1/2-1/2"]
[ICCResult "Black ran out of time and White has no material to mate"]
[WhiteElo "1941"]
[BlackElo "2188"]
[Opening "Scandinavian: Marshall variation"]
[ECO "B01"]
[NIC "SD.03"]
[Time "20:07:00"]
[TimeControl "180+0"]

1. e4 d5 2. exd5 Nf6 3. d4 Nxd5 4. c4 Nb6 5. Nc3 e5 6. dxe5 Qxd1+ 7. Kxd1
Nc6 8. f4 Be6 9. b3 O-O-O+ 10. Kc2 Bf5+ 11. Kb2 Bc5 12. Nf3 h6 13. h3 Nb4
14. a3 Nc2 15. Ra2 Ne3 16. Be2 Nxg2 17. Rh2 Ne3 18. b4 Nexc4+ 19. Bxc4 Nxc4+
20. Kb3 Be6 21. f5 Nxe5+ 22. fxe6 Nxf3 23. bxc5 Nxh2 24. Rxh2 fxe6 25. Re2
Rhf8 26. Rxe6 Rf3 27. Kc2 Rxh3 28. Bf4 g5 29. Be5 Rf8 30. Re7 Rf2+ 31. Kb3
Re2 32. Kc4 Ree3 33. Nd5 Rh4+ 34. Bd4 Rxe7 35. Nxe7+ Kd7 36. Nf5 Rf4 37.
Nxh6 g4 38. Kd5 g3 39. Be3 Rh4 40. Nf5 Rh5 41. Ke4 g2 42. Kf4 Rh3 43. Ng3
Kc6 44. Kf3 g1=Q 45. Bxg1 Rh8 46. Kg4 Kb5 47. Kf4 Rf8+ 48. Ke4 Ka4 49. Kd3
Kxa3 50. Ne4 Kb4 51. Bd4 Rd8 52. Ke3 Kc4 53. Bc3 Rd3+ 54. Kf4 Rxc3 55. Nxc3
Kxc3 56. c6 b5 57. Ke5 b4 58. Ke6 b3 59. Kd7 b2 60. Kxc7 b1=Q 61. Kc8 a5 62.
c7 a4 63. Kd8 Qb6 64. Kd7 Qxc7+ 65. Kxc7 a3 66. Kc6 a2 67. Kc5 a1=Q 68. Kc6
Qa4+ 69. Kc5 Kd3 70. Kb6 Ke3 71. Kc5 Kf3 72. Kd6 Kg3 73. Kc5 Kg4 74. Kd6 Kg5
75. Kc5 Kg6 76. Kd6 Kg7 77. Kc5
{Black ran out of time and White has no material to mate}
1/2-1/2

[Event "ICCopen2017"]
[Site "Internet Chess Club"]
[Date "2017.04.02"]
[Round "6"]
[White "Kusox"]
[Black "AreYouSerious"]
[Result "1/2-1/2"]
[ICCResult "Game drawn by repetition"]
[WhiteElo "2095"]
[BlackElo "1825"]
[Opening "Queen's pawn game"]
[ECO "A46"]
[NIC "QP.06"]
[Time "20:07:13"]
[TimeControl "180+0"]

1. d4 Nf6 2. Nf3 d6 3. c3 c6 4. Bf4 g6 5. e3 Bg7 6. Be2 O-O 7. O-O Nbd7 8.
h3 Re8 9. Nbd2 Nf8 10. Bh2 Bd7 11. Nc4 b5 12. Ncd2 a5 13. c4 b4 14. Qc2 Rc8
15. Rad1 h6 16. Rfe1 c5 17. d5 e6 18. e4 e5 19. Nf1 N8h7 20. Ne3 Qe7 21. Bd3
Qd8 22. Kh1 Nh5 23. Rg1 Nf4 24. Bxf4 exf4 25. Nf1 Nf6 26. N1h2 g5 27. Rge1
g4 28. hxg4 Bxg4 29. Nxg4 Nxg4 30. e5 Nxe5 31. Nxe5 Qh4+ 32. Kg1 Bxe5 33.
Re4 f5 34. Rxe5 Rxe5 35. Bxf5 Rce8 36. Be6+ Kg7 37. Qd3 Rg5 38. Re1 Rh5 39.
Qh3 Qxh3 40. gxh3 Rxh3 41. Kg2 Rd3 42. Re4 Rd4 43. Re1 Rd2 44. Kf3 Rd4 45.
Rg1+ Kf6 46. b3 Rd3+ 47. Kxf4 Rf8 48. Ke4 Rd4+ 49. Ke3 Ke5 50. Rg6 Re4+ 51.
Kd3 Rf3+ 52. Kd2 Rxf2+ 53. Kd3 Rf3+ 54. Kd2 Rf2+ 55. Kd3 Rf3+ 56. Kd2 Rf2+
57. Kd3 Rf3+ {Game drawn by repetition} 1/2-1/2